AoeStats
← Cyborg Ninja Guardia Sivil

Arabia

510296066Analyzed
1v1 RM · 2d ago on Sep 30, 2026· 46m 50s· 2 players
Game mode
Random Map
Map size
Tiny (2 player)
Population
200
Speed
Normal
Resources
Standard
Victory
Conquest
Starting age
Dark Age
Ending age
Imperial Age
RankedLock teamsTeams togetherTeam positionsShared explorationLock speedFull tech treeHidden civsTurbo modeCheats
Victory
Defeat
1014
+17
🇺🇸 Varangians · United States
1043
-17
Cyborg Ninja Guardia Sivil
6:57 Loom
10:22 Feudal Age
11:27 Double-Bit Axe
21:32 Castle Age
20:07 Scale Barding Armor
21:00 Wheelbarrow
21:37 Forging
22:23 Husbandry
22:30 Husbandry
26:12 Fletching
28:08 Chain Barding Armor
28:33 Bow Saw
29:59 Hand Cart
31:32 Elite Skirmisher
34:19 Horse Collar
34:34 Gold Mining
36:33 Fletching
39:58 Imperial Age
38:46 Padded Archer Armor
38:53 Heavy Plow
41:00 Iron Casting
40:32 Bodkin Arrow
41:50 Chemistry
41:53 Plate Barding Armor
41:39 Pikeman
43:09 Squires
42:51 Heavy Camel Rider
mordmortigon
7:33 Loom
9:55 Feudal Age
10:33 Double-Bit Axe
19:21 Castle Age
17:27 Horse Collar
17:40 Gold Mining
21:50 Scale Barding Armor
22:41 Bloodlines
23:39 Pikeman
24:20 Squires
27:24 Scale Mail Armor
30:48 Wheelbarrow
33:14 Forging
33:57 Hand Cart
33:58 Heavy Plow
37:37 Imperial Age
38:47 Illumination
38:58 Theocracy
38:40 Fervor
38:54 Chain Mail Armor
39:18 Iron Casting
40:21 Bow Saw
41:18 Conscription
42:08 Halberdier
46:11 Elite Varangian Guard
46:26 Light Cavalry
Connection lost

Rejoining the realm…

Still unreachable

The connection could not be restored.

Session expired

The server has moved on; the page needs a fresh start.